 Dungeon Crawl Stone Soup version 0.27-a0-1325-g58a489ad9e (webtiles) character file.

Game seed: 6922350795570126850

590 Sweetruy1997 the Skirmisher (level 7, -2/57 HPs)
             Began as a Palentonga Fighter on June 23, 2021.
             Slain by Crazy Yiuf (9 damage)
             ... on level 4 of the Dungeon on June 24, 2021.
             The game lasted 00:17:25 (4789 turns).

Sweetruy1997 the Skirmisher (Palentonga Fighter)    Turns: 4789, Time: 00:17:26

Health: -2/57      AC: 16    Str: 20    XL:     7   Next: 15%
Magic:  8/8        EV:  7    Int:  8    God:
Gold:   12         SH:  0    Dex: 11    Spells: 6/7 levels left

rFire    . . .     SeeInvis +   k - +2 falchion
rCold    . . .     Faith    .   c - +0 kite shield
rNeg     . . .     Spirit   .   j - +0 ring mail
rPois    .         Reflect  .   l - +2 helmet
rElec    .         Harm     .   (no cloak)
rCorr    .         Rampage  .   (no gloves)
Will     .....                  (no barding)
Stlth    ..........             (no amulet)
HPRegen  0.19/turn              (no ring)
MPRegen  0.11/turn              (no ring)

@: confused, flying, curled up
A: large, rugged brown scales 3, see invisible, deformed body, roll 1, armoured
tail, reflexive curl
a: Rolling Charge


You were on level 4 of the Dungeon.
You visited 1 branch of the dungeon, and saw 4 of its levels.

You collected 108 gold pieces.
You spent 96 gold pieces at shops.

Inventory:

Hand Weapons
 d - a +1 mace of holy wrath
 k - a +2 falchion (weapon)
Missiles
 a - 6 atropa-tipped darts
 f - 10 boomerangs (quivered)
Armour
 c - a +0 kite shield (worn)
 j - a +0 ring mail (worn)
 l - a +2 helmet (worn)
Wands
 m - a wand of flame (16)
Scrolls
 b - a scroll of fog
 e - a scroll of silence
 g - a scroll of teleportation {unknown}
 n - a scroll of holy word
 p - a scroll of brand weapon {unknown}
 q - a scroll of amnesia {unknown}
Potions
 i - a potion of flight
 o - a potion of ambrosia {unknown}


   Skills:
 - Level 4.0 Fighting
 - Level 0.6(2.4) Short Blades
 + Level 3.8(3.9) Long Blades
 - Level 2.2 Axes
 + Level 1.9 Throwing
 - Level 3.0 Armour
 - Level 1.0 Dodging
 + Level 3.8 Shields
 + Level 0.7 Spellcasting
 + Level 0.4 Summonings
 + Level 0.5 Evocations


You had 6 spell levels left.
You knew the following spells:

 Your Spells              Type           Power      Damage    Failure   Level
a - Summon Small Mammal   Summ           0%         N/A       86%         1

Your spell library contained the following spells:

 Spells                   Type           Power      Damage    Failure   Level


Dungeon Overview and Level Annotations

Branches:
Dungeon (4/15)
 Temple: D:4-7

Altars:
Dithmenos
Sif Muna
Trog

Shops:
D:3 *!   D:4 =**:

Annotations:
D:4 Crazy Yiuf


Innate Abilities, Weirdness & Mutations

You are completely covered in rugged brown scales. (AC +3, +7% HP)
You have supernaturally acute eyesight. (SInv)
Armour fits poorly on your strangely shaped body.
You can roll at nearby foes to attack.
You have a long armoured tail.
You curl defensively after being hit.


Message History

There is an entrance to Ypav's Book Emporium here.
There is an open door here.
There is an open door here.
There is an open door here.
There is an open door here.
There is an entrance to Heli's Neck Hole here.
Items here: )) [[.
There is an open door here.
Items here: ))) [.
There is a stone staircase leading up here.
Crazy Yiuf shouts!
You feel very buoyant.
You fly up into the air.
You reach down and open the door.
Crazy Yiuf says, "You fast sing-song!"
You block Crazy Yiuf's attack.
You slash Crazy Yiuf!
Your tail-slap misses Crazy Yiuf.
Crazy Yiuf is moderately wounded.
Crazy Yiuf hits you with a +4 quarterstaff of chaos!
Crazy Yiuf freezes you.
You closely miss Crazy Yiuf.
Crazy Yiuf is moderately wounded.
Crazy Yiuf says, "Lay King mobile!"
You block Crazy Yiuf's attack.
You barely miss Crazy Yiuf.
Crazy Yiuf is moderately wounded.
Crazy Yiuf hits you with a +4 quarterstaff of chaos.
You are electrocuted!!
* * * LOW HITPOINT WARNING * * *
Your ring mail prevents you from hitting Crazy Yiuf.
You tail-slap Crazy Yiuf.
Crazy Yiuf is heavily wounded.
Crazy Yiuf hits you with a +4 quarterstaff of chaos!
* * * LOW HITPOINT WARNING * * *
You are confused.
Crazy Yiuf barely misses you.
You are too confused!
You bump into the rock wall.
Crazy Yiuf hits you with a +4 quarterstaff of chaos!
You die...

#.......'..## #.#.+....#....
#.......#...# #.###.........
#####....#####..####............
#........# #....# #.....#.....#
#.######## #....# #.....#.....#
#.# ##P..# #.....#.....# #.#
##.## #....##...).# #.# ##.#
#....##.....# #.# #@##
#....##.....# #.######## ##g#
#....##.....# #.#......# #.##
############# #.#.###### #'#
############# #........# ...
#............ ###......# #...#
############# #.###### #)..# ###
#####


You could see Crazy Yiuf.

Vanquished Creatures
  A water moccasin (D:4)
  An ogre (D:4)
  A water moccasin skeleton (D:4)
  A howler monkey (D:4)
  An orc priest (D:3)
  2 orc wizards
  A hound skeleton (D:4)
  A howler monkey zombie (D:3)
  Robin (D:3)
  7 adders
  A gnoll (D:3)
  A white imp (D:3)
  An ufetubus (D:4)
  2 adder skeletons (D:3)
  A worm (D:3)
  3 dart slugs
  10 orcs
  6 ball pythons
  4 endoplasms
  2 giant cockroaches (D:1)
  12 goblins
  9 hobgoblins
  6 jackals
  7 quokkas
  6 bats
  A frilled lizard (D:3)
  6 kobolds
  5 rats
100 creatures vanquished.

Notes
Turn   | Place    | Note
-------+----------+-------------------------------------------
     0 | D:1      | Sweetruy1997 the Palentonga Fighter began the quest for the
                  | Orb.
     0 | D:1      | Reached XP level 1. HP: 19/19 MP: 1/1
   133 | D:1      | Reached XP level 2. HP: 21/25 MP: 2/2
  1421 | D:2      | Reached XP level 3. HP: 29/31 MP: 3/3
  1482 | D:2      | Found a faded altar of an unknown god.
  1620 | D:3      | Found a bloodstained altar of Trog.
  2006 | D:3      | Reached XP level 4. HP: 37/37 MP: 4/4
  2020 | D:3      | Found Kinoecw's Distillery.
  2028 | D:3      | Bought a potion of flight for 42 gold pieces
  2037 | D:3      | Found a shimmering blue altar of Sif Muna.
  2072 | D:3      | Identified Sif Muna's Compendium of Companions
  2092 | D:3      | Learned a level 1 spell: Summon Small Mammal
  2101 | D:3      | Upgraded the game from 0.27-a0-1324-ge0d8e047f6 to
                  | 0.27-a0-1325-g58a489ad9e
  2163 | D:3      | Reached skill level 1 in Long Blades
  2166 | D:3      | Noticed Robin
  2180 | D:3      | Killed Robin
  2474 | D:3      | Found Ashriw's Assorted Antiques.
  2608 | D:3      | Reached XP level 5. HP: 43/43 MP: 3/5
  3261 | D:4      | Reached skill level 1 in Dodging
  3274 | D:4      | Noticed a water moccasin
  3278 | D:4      | Reached XP level 6. HP: 51/51 MP: 7/7
  3292 | D:4      | Killed a water moccasin
  3293 | D:4      | Reached skill level 1 in Throwing
  3517 | D:4      | Found Heli's Neck Hole.
  3567 | D:4      | Found a shadowy altar of Dithmenos.
  3641 | D:3      | Bought a scroll labelled HAKAPR SUPLARCH for 27 gold pieces
  3641 | D:3      | Bought a scroll labelled SUUKHL WYEHE for 27 gold pieces
  3676 | D:4      | Found Rifenu's General Store.
  3893 | D:4      | Reached skill level 4 in Fighting
  4048 | D:4      | Found a runed translucent door.
  4049 | D:4      | Noticed Crazy Yiuf
  4259 | D:4      | Found Ypav's Book Emporium.
  4369 | D:4      | Found Lyunuseng's Jewellery Boutique.
  4589 | D:4      | Gained mutation: You curl defensively after being hit.
                  | [Palentonga growth]
  4589 | D:4      | Reached XP level 7. HP: 57/57 MP: 8/8
  4789 | D:4      | Slain by Crazy Yiuf

Illustrated notes

Levels and vault maps discovered:
D:1:      scummos_arrival_hexagon, layout_rooms
D:2:      layout_basic, basic_ecumenical_altar
D:3:      minmay_bubble_buster, layout_rooms,
          nzn_overflow_gifts_of_might_and_magic, serial_shops, shop_statue,
          nicolae_square_shop, uniq_robin
D:4:      layout_basic, nicolae_dithmenos_through_a_glass_darkly, serial_shops,
          shop, kennysheep_mini, shop, nicolae_shop_sticking_my_neck_out,
          uniq_crazy_yiuf_cottage

Skill      XL: |  1  2  3  4  5  6 |
---------------+-------------------+-----
Armour         | 3 |  3.0
Shields        | 3 |  3.8
Long Blades    | 1 2 3 |  3.8
Dodging        | 1 |  1.0
Throwing       | 1 |  1.9
Fighting       | 4 |  4.0
Short Blades   | |  0.6
Axes           | |  2.2
Spellcasting   | |  0.7
Summonings     | |  0.4
Evocations     | |  0.5

Action                   |  1- 3 |  4- 6 |  7- 9 || total
-------------------------+-------+-------+-------++-------
Melee: War axe           |    21 |       |       ||    21
       Dagger            |    49 |       |       ||    49
       Tailslap          |    10 |    17 |     1 ||    28
       Falchion          |    22 |   168 |     4 ||   194
Throw: Boomerang         |       |    64 |       ||    64
 Cast: Summon Small Mamm |       |     3 |       ||     3
 Abil: Rolling Charge    |    19 |     6 |       ||    25
Evoke: Wand              |       |     9 |       ||     9
  Use: Scroll            |     2 |     4 |       ||     6
       Potion            |       |     3 |     1 ||     4
Armor: Scale mail        |    12 |       |       ||    12
       Ring mail         |    44 |    85 |       ||   129
Dodge: Dodged            |    31 |    56 |     1 ||    88
Block: Kite shield       |    47 |   104 |     2 ||   153
       Rpst.: Falchion   |     3 |    15 |       ||    18

Table legend: (Time is in decaauts)
 A = Elapsed time spent in this place.
 B = Non-inter-level travel time spent in this place.
 C = Inter-level travel time spent in this place.
 D = Time resting spent in this place.
 E = Time spent auto-exploring this place.
 F = Levels seen in this place.
 G = Mean time per level.
                   A        B        C        D        E       F      G
               +--------+--------+--------+--------+--------+-----+--------+
         Total |   4919 |   4663 |    256 |   1483 |   2419 |   4 | 1229.8 |
       Dungeon |   4919 |   4663 |    256 |   1483 |   2419 |   4 | 1229.8 |
               +--------+--------+--------+--------+--------+-----+--------+

Top non-repeatable levels by time:
     D:4: 1521 daAuts
     D:3: 1435 daAuts
     D:2: 1254 daAuts
     D:1: 706 daAuts
